 Dungeon Crawl Stone Soup version 0.30-a0-808-g6e0788376e (webtiles) character file.

Game seed: 7052883121348866045

289 cforsyth the Sneak (level 6, 0/57 HPs)
             Began as a Kobold Brigand on Feb 25, 2023.
             Killed by an exploding orc priest (11 damage)
             ... ignited by their inner flame
             ... on level 4 of the Dungeon.
             The game lasted 00:05:39 (3423 turns).

cforsyth the Sneak (Kobold Brigand)                 Turns: 3423, Time: 00:05:40

Health: 0/57       AC: 23    Str:  9    XL:     6   Next: 57%
Magic:  6/6        EV:  3    Int: 12    God:
Gold:   114        SH:  0    Dex: 18    Spells: 5/5 levels left

rFire   + . .      SeeInvis .    a - +3 dagger
rCold   + . .      Faith    .    (no shield)
rNeg    . . .      Spirit   .    (body armour currently unavailable)
rPois   +          Reflect  .    (helmet currently unavailable)
rElec   +          Harm     .    (cloak currently unavailable)
rCorr   +          Rampage  .    (gloves currently unavailable)
Will    .....      NoTele   +    (boots currently unavailable)
Stlth   +++++                    (no amulet)
HPRegen 1.09/turn                (no ring)
MPRegen 0.10/turn                (no ring)

@: brilliant, tree-form, resistant
A: stationary, stasis, torment immunity, boosted hp, small, no large weapons,
nightstalker 3, (claws 1), regeneration 1, wild magic 1
a: no special abilities


You were on level 4 of the Dungeon.
You were a tree.
You visited 1 branch of the dungeon, and saw 4 of its levels.

You collected 114 gold pieces.

Inventory:

Hand Weapons
 a - a +3 dagger (weapon)
Missiles
 d - 12 poisoned darts (quivered)
 e - 3 curare-tipped darts
Armour
 b - a +1 robe (melded)
 c - a +0 cloak (melded)
Jewellery
 k - a +6 ring of dexterity
 n - a +4 ring of slaying
Wands
 o - a wand of acid (2)
 r - a wand of flame (23)
Scrolls
 g - 6 scrolls of identify
 h - 2 scrolls of teleportation
 m - a scroll of enchant weapon


   Skills:
 + Level 4.0 Fighting
 + Level 4.8 Short Blades
 - Level 2.1 Throwing
 + Level 3.7 Dodging
 + Level 6.9 Stealth


You had 5 spell levels left.
You didn't know any spells.
Your spell library contained the following spells:

 Spells                   Type           Power      Damage    Failure   Level
 Sandblast                Erth           0%         2d4       41%         1
 Passwall                 Tmut/Erth      0%         N/A       54%         2
 Portal Projectile        Hex/Tloc       0%         N/A       77%         3
 Tukima's Dance           Hex            0%         N/A       77%         3
 Blade Hands              Tmut           0%         N/A       100%        5
 Lehudib's Crystal Spear  Conj/Erth      0%         10d2      100%        8
 Shatter                  Erth           0%         3d5*      100%        9


Dungeon Overview and Level Annotations

Branches:
Dungeon (4/15)
 Temple: D:4-7

Altars:
Qazlal
Trog
Vehumet

Shops:
D:1 (

Annotations:
D:2 Terence
D:3 2 runed translucent doors


Innate Abilities, Weirdness & Mutations

You are a tree.
Your roots penetrate the ground, keeping you stationary.
You cannot be teleported.
You are immune to unholy pain and torment.
Your maximum health is greatly increased.
Your equipment is partially melded.
You are small and have problems with some larger weapons.
You are completely attuned to the shadows.
((You have sharp fingernails.))
Your natural rate of healing is unusually fast.
Your spells are a little harder to cast, but a little more powerful.


Message History

The orc hits you but does no damage.
The orc priest hits you but does no damage.
Unknown command.
As you read the scroll labelled JEBRIBIONYRGH, it crumbles to dust.
You hear a loud clanging noise!
It was a scroll of noise.
You hear a shout!
You hear an angry hiss.
You hear a shout!
You hear an angry hiss.
The orc priest hits you with a +0 mace.
* * * LOW HITPOINT WARNING * * *
The orc hits you but does no damage.
The orc priest hits you but does no damage.
The orc barely misses you.
Unknown command.
As you read the scroll labelled OMOTOIGOZA, it crumbles to dust.
The creatures around you are filled with an inner flame!
It was a scroll of immolation.
The orc hits you but does no damage. x2
The orc priest hits you but does no damage. x2
Unknown command.
As you read the scroll labelled ZURAOFREFF, it crumbles to dust.
You feel a strange sense of stasis.
It was a scroll of teleportation.
The orc hits you but does no damage. The orc priest hits you with a +0 mace.
* * * LOW HITPOINT WARNING * * *
The orc priest hits you but does no damage.
The orc hits you but does no damage.
Unknown command.
As you read the scroll labelled WALOHU WIEKALI, it crumbles to dust.
It is a scroll of identify.
You don't currently have any unidentified items.
The orc hits you with a +0 hand axe.
* * * LOW HITPOINT WARNING * * *
The orc priest miscasts a cantrip.
The orc priest hits you but does no damage.
The orc barely misses you.
You aren't carrying any potions.
You hit the orc priest.
The orc priest explodes!
The fiery explosion engulfs the orc!!!
The fiery explosion engulfs the orc!!
The fiery explosion engulfs you! You resist.
You die...

§☼§§§§§§§
§§§§☼§☼☼§
§§§§§§§§#
#§§))§☼# #..
#§§♣o§§§
#..##☼§☼§§§§
##..§§§§#####
....☼§§§#
.#..§§§##
.......#..
......##...#
......#....#
..........#


You could see an orc priest (inner flame).

Vanquished Creatures
  A centaur (D:3)
  An orc priest (D:4)
  2 orc wizards
  6 adders
  An ufetubus (D:3)
  3 worms (D:2)
  2 dart slugs (D:1)
  8 orcs
  6 bats
  12 endoplasms
  2 giant cockroaches
  7 goblins
  7 hobgoblins
  2 jackals (D:1)
  2 quokkas
  5 ball pythons
  4 frilled lizards
  8 kobolds
  7 rats
86 creatures vanquished.

Notes
Turn   | Place    | Note
-------+----------+-------------------------------------------
     0 | D:1      | cforsyth the Kobold Brigand began the quest for the Orb.
     0 | D:1      | Reached XP level 1. HP: 12/12 MP: 1/1
    32 | D:1      | Found Vyixzih's Antique Weapon Shoppe.
    69 | D:1      | Reached XP level 2. HP: 14/18 MP: 2/2
   277 | D:1      | Reached XP level 3. HP: 22/22 MP: 3/3
   640 | D:2      | Noticed Terence
  1089 | D:2      | Reached XP level 4. HP: 20/27 MP: 4/4
  1238 | D:2      | Reached skill level 6 in Stealth
  1835 | D:2      | Reached XP level 5. HP: 32/32 MP: 5/5
  2131 | D:3      | Found a radiant altar of Vehumet.
  2415 | D:3      | Found a faded altar of an unknown god.
  2416 | D:3      | Found a bloodstained altar of Trog.
  2468 | D:3      | Found a large runed translucent door.
  2469 | D:3      | Found a large runed translucent door.
  2479 | D:3      | Got the Elucidation of Spelunking
  2656 | D:3      | Found a stormy altar of Qazlal.
  3046 | D:4      | Gained mutation: Your natural rate of healing is unusually
                  | fast. [potion of mutation]
  3046 | D:4      | Gained mutation: You have sharp fingernails. [potion of
                  | mutation]
  3046 | D:4      | Gained mutation: Your spells are a little harder to cast,
                  | but a little more powerful. [potion of mutation]
  3051 | D:4      | Reached XP level 6. HP: 18/38 MP: 6/6
  3423 | D:4      | Killed by an exploding orc priest... ignited by their inner
                  | flame

Illustrated notes

Levels and vault maps discovered:
D:1:      mrwooster_arrival_statue_2, layout_rooms, serial_shops, shop,
          minmay_misc_feat_rugged, item_on_display_a
D:2:      kennysheep_six_static_rooms, layout_loops_corners,
          minmay_small_reverse_x, uniq_terence
D:3:      minmay_recursive_quarters, layout_loops_ring, vehumet_altar_wand_db,
          nicolae_overflow_ecumenical_swirl, jmf_multi_god_temple2,
          old_standard_altar, minmay_circle_x
D:4:      minmay_diamond_boxcup, layout_cave_pools, tgw_fedhas,
          grunt_ministairs_12, minmay_misc_feat_room, nicolae_wormholes

Skill      XL: |  1  2  3  4  5  6 |
---------------+-------------------+-----
Short Blades   | 3 4 |  4.8
Dodging        | 2 3 |  3.7
Fighting       | 3 4 |  4.0
Stealth        | 6 |  6.9
Throwing       | |  2.1

Action                     |  1- 3 |  4- 6 || total
---------------------------+-------+-------++-------
  Melee: Dagger            |    86 |   197 ||   283
         Punch             |     1 |       ||     1
    Use: Potion            |       |     7 ||     7
         Scroll            |       |     7 ||     7
   Stab: Sleeping          |    11 |    22 ||    33
         Distracted        |     1 |       ||     1
 Armour: Robe              |    17 |    30 ||    47
         Skin              |       |    24 ||    24
  Dodge: Dodged            |    79 |   127 ||   206

Table legend: (Time is in decaauts)
 A = Elapsed time spent in this place.
 B = Non-inter-level travel time spent in this place.
 C = Inter-level travel time spent in this place.
 D = Time resting spent in this place.
 E = Time spent auto-exploring this place.
 F = Levels seen in this place.
 G = Mean time per level.
                   A        B        C        D        E       F      G
               +--------+--------+--------+--------+--------+-----+--------+
         Total |   3382 |   3276 |    106 |    183 |   2364 |   4 |  845.5 |
       Dungeon |   3382 |   3276 |    106 |    183 |   2364 |   4 |  845.5 |
               +--------+--------+--------+--------+--------+-----+--------+

Top non-repeatable levels by time:
     D:2: 1369 daAuts
     D:3: 1195 daAuts
     D:1: 695 daAuts
     D:4: 123 daAuts
